 Dungeon Crawl Stone Soup version 0.27-a0-802-gbe893936b8 (webtiles) character file.

Game seed: 2279561259482845169

4048 Benjer the Geomancer (level 10, -6/56 HPs)
             Began as a Gargoyle Earth Elementalist on Mar 28, 2021.
             Was a Priest of Vehumet.
             Shot with an arrow by a centaur warrior (15 damage)
             ... on level 9 of the Dungeon.
             The game lasted 00:17:03 (9859 turns).

Benjer the Geomancer (Gargoyle Earth Elementalist)  Turns: 9859, Time: 00:17:04

Health: -6/56      AC: 17    Str: 12    XL:     10   Next: 24%
Magic:  13/20      EV: 14    Int: 21    God:    Vehumet [***...]
Gold:   286        SH:  0    Dex: 10    Spells: 13/22 levels left

rFire    . . .     SeeInvis +   d - +3 dagger (venom)
rCold    . . .     Faith    .   (no shield)
rNeg     + . .     Spirit   .   t - +0 steam dragon scales
rPois    ∞         Reflect  .   (no helmet)
rElec    +         Harm     .   (no cloak)
rCorr    .         Rampage  .   (no gloves)
Will     .....                  (no boots)
Stlth    ++........             a - amulet of magic regeneration
HPRegen  0.18/turn              o - ring of see invisible
MPRegen  0.42/turn              (no ring)

@: spiked, very slightly contaminated, invisible
A: AC +7, negative energy resistance 1, electricity resistance, torment
resistance 1, unbreathing 1, petrification resistance, repulsion field 1, icy
blue scales 1, yellow scales 1, clever 1, wild magic 1, evolution 1
a: Renounce Religion


You were on level 9 of the Dungeon.
You worshipped Vehumet.
Vehumet was most pleased with you.
You visited 2 branches of the dungeon, and saw 10 of its levels.
You also visited: Sewer.

You collected 464 gold pieces.
You spent 178 gold pieces at shops.

Inventory:

Hand Weapons
 d - a +3 dagger of venom (weapon)
 p - a +0 flail
 q - a +0 flail of protection
 w - a +2 short sword of electrocution
Missiles
 b - 153 stones
Armour
 c - a +1 robe
 t - +0 steam dragon scales (worn)
Jewellery
 a - an amulet of magic regeneration (around neck)
 o - a ring of see invisible (left hand)
 r - the amulet "Kisax" {RegenMP +Blink rC- Str+3 Int+4}
   (You found it on level 6 of the Dungeon)

   [amulet of magic regeneration]

   It increases your magic regeneration.
   It affects your strength (+3).
   It affects your intelligence (+4).
   It makes you vulnerable to cold.
   It lets you blink.
 s - a ring of fire
Wands
 f - a wand of flame (14)
 A - a wand of charming (13)
Scrolls
 e - 4 scrolls of teleportation
 i - a scroll of amnesia
 v - a scroll of fog
 x - a scroll of fear
 y - a scroll of enchant weapon
Potions
 g - 6 potions of curing
 h - 2 potions of might
 j - a potion of invisibility
 k - 2 potions of flight
 m - a potion of attraction {unknown}
 n - 2 potions of lignification
 u - a potion of magic {unknown}
 z - a potion of brilliance {unknown}


   Skills:
 + Level 3.5 Fighting
 + Level 3.2 Maces & Flails
 + Level 3.6 Armour
 + Level 3.3 Dodging
 - Level 2.1 Stealth
 + Level 6.7 Spellcasting
 + Level 7.3 Conjurations
 - Level 0.7 Transmutations
 + Level 9.3 Earth Magic
 + Level 3.0 Evocations


You had 13 spell levels left.
You knew the following spells:

 Your Spells              Type           Power      Damage    Failure   Level
a - Sandblast             Erth           100%       2d20      1%          1
b - Stone Arrow           Conj/Erth      100%       3d13      1%          3
c - Lee's Rapid Deconstr  Erth           28%        3d16*     2%          5

Your spell library contained the following spells:

 Spells                   Type           Power      Damage    Failure   Level
 Static Discharge         Conj/Air       29%        N/A       2%          3
 Foxfire                  Conj/Fire      100%       2x1d9     1%          1
 Conjure Flame            Conj/Fire      29%        6-21      2%          3
 Passwall                 Tmut/Erth      30%        N/A       3%          2
 Sticky Flame             Conj/Fire      29%        2d5       8%          4
 Inner Flame              Hex/Fire       9%         N/A       10%         3
 Animate Skeleton         Necr           18%        N/A       13%         1
 Pain                     Necr           36%        1d5       13%         1
 Petrify                  Tmut/Erth      36%        N/A       17%         4
 Fireball                 Conj/Fire      14%        3d8       19%         5
 Confusing Touch          Hex            9%         N/A       34%         3
 Gell's Gravitas          Tloc           4%         N/A       34%         3
 Vampiric Draining        Necr           4%         2d6       34%         3
 Yara's Violent Unravell  Hex/Tmut       5%         3d4       52%         5
 Animate Dead             Necr           4%         N/A       73%         4
 Agony                    Necr           9%         N/A       96%         5
 Metabolic Englaciation   Hex/Ice        4%         N/A       96%         5


Dungeon Overview and Level Annotations

Branches:
Dungeon (9/15)             Temple (1/1) D:7           Sewer (visited)
   Lair: D:8-11         Orc: D:9-12

Altars:
Ashenzari
Cheibriados
Fedhas
Kikubaaqudgha
Makhleb
Nemelex Xobeh
Ru
Sif Muna
Vehumet
Wu Jian
Yredelemnul
Zin
The Shining One

Shops:
D:1 (   D:2 [

Annotations:
D:4 3 runed translucent doors, Napalmbreeze's ghost, novice TrFi; stripedtigrrr's ghost, weakling OpDe


Innate Abilities, Weirdness & Mutations

Your stone body is resilient. (AC +7)
You are immune to poison.
You resist negative energy. (rN+)
You are resistant to electric shocks. (rElec)
You are resistant to unholy torment.
You can survive without breathing.
You are immune to petrification.
You are surrounded by a mild repulsion field. (EV +2)
You are partially covered in icy blue scales. (AC +2)
You are partially covered in yellow scales. (AC +2)
Your mind is acute. (Int +2)
Your spells are a little harder to cast, but a little more powerful.
You evolve.


Message History

The efreet gestures at the slime creature.
The fireball explodes!
The fireball engulfs the slime creature!!
The fireball engulfs the manticore!!
The centaur warrior shoots an arrow.
The slime creature quivers.
Unknown command.
Unknown command.
Casting: Lee's Rapid Deconstruction (dangerous; 2% risk of failure)
Confirm with . or Enter, or press ? or * to list all spells.
Aiming: Lee's Rapid Deconstruction (dangerous; 2% risk of failure)
Press: ? - help, Dir - move target A stone wall.
The wall shatters!
The blast of rock fragments hits the manticore!!
The manticore is almost dead.
The blast of rock fragments hits the slime creature!!
You kill the slime creature!
Vehumet accepts your kill.
You feel your power returning.
The centaur warrior shoots an arrow.
The arrow closely misses you. The efreet gestures at you.
The bolt of fire misses you.
The manticore flicks its tail.
The volley of spikes hits you!
The barbed spikes become lodged in your body.
* * * LOW HITPOINT WARNING * * *
Unknown command.
Unknown command.
Unknown command.
You feel much better.
The centaur warrior shoots an arrow.
The arrow hits you!! The efreet gestures at you. The bolt of fire misses you.
The centaur warrior shoots an arrow.
The arrow hits you.
* * * LOW HITPOINT WARNING * * *
Unknown command.
The barbs in your skin will harm you if you move.
Continue?
The barbed spikes dig painfully into your body as you move.
* * * LOW HITPOINT WARNING * * *
The centaur warrior shoots an arrow.
The arrow hits you!
You die...

### .. .. #. #.# ###..###
#......# ###@.##
###..#..########
###....#..........
###....#H#..........
###...#.#..#..########
###)...#c#.#.#..#
#.......#J#R.#..#
##...##..#...☼#.#..#########
... #.#..#.H....#..<.†......


You could see a centaur warrior, a manticore and an efreet.

Vanquished Creatures
  A slime creature (D:9)
  A yak (D:8)
  A steam dragon (D:7)
  Edmund (D:5)
  4 water moccasins
  A black bear (D:7)
  An orc warrior (D:8)
  2 sky beasts (D:6)
  2 ogres
  An ice beast (D:5)
  A phantom (D:5)
  4 kobold brigands
  A wyvern zombie (D:8)
  4 bullfrogs
  9 killer bees
  A scorpion (D:5)
  4 wights (D:7)
  2 howler monkeys (D:7)
  4 centaur zombies
  2 centaur skeletons
  2 hounds
  2 orc priests (D:7)
  A bullfrog skeleton (D:6)
  An iguana (D:6)
  3 gnoll shamans
  2 orc wizards (D:8)
  A hound zombie (D:5)
  2 howler monkey zombies
  A howler monkey skeleton (D:4)
  8 adders
  13 gnolls
  2 river rats (Sewer)
  An ufetubus (D:6)
  A worm (D:4)
  15 orcs
  9 ball pythons
  7 bats
  7 endoplasms
  5 giant cockroaches
  5 hobgoblins
  9 jackals (D:1)
  2 quokkas
  3 frilled lizards (D:3)
  7 goblins
  23 kobolds
  11 rats
190 creatures vanquished.

Notes
Turn   | Place    | Note
-------+----------+-------------------------------------------
     0 | D:1      | Benjer the Gargoyle Earth Elementalist began the quest for
                  | the Orb.
     0 | D:1      | Reached XP level 1. HP: 10/10 MP: 3/3
   323 | D:1      | Reached XP level 2. HP: 15/15 MP: 5/5
   354 | D:1      | Reached skill level 4 in Earth Magic
   364 | D:1      | Found Zohuluyv's Antique Weapon Boutique.
   511 | D:1      | Found a broken altar of Ashenzari.
   692 | D:1      | Reached XP level 3. HP: 16/19 MP: 6/6
   898 | D:1      | Learned a level 3 spell: Stone Arrow
  1068 | D:1      | You fall into a shaft and drop 1 floor!
  1460 | D:2      | Found Takkias's Antique Armour Shoppe.
  1570 | D:2      | Found a broken altar of Ashenzari.
  1664 | D:2      | Found a radiant altar of Vehumet.
  1664 | D:2      | Found a glowing silver altar of Zin.
  1670 | D:2      | Became a worshipper of Vehumet
  1711 | D:2      | Found a snail-covered altar of Cheibriados.
  2238 | D:3      | Reached skill level 1 in Conjurations
  2238 | D:3      | Reached XP level 4. HP: 13/24 MP: 4/8
  2519 | D:3      | Found an ancient bone altar of Kikubaaqudgha.
  2839 | D:3      | Found a sacrificial altar of Ru.
  2868 | D:3      | Found an ornate altar of the Wu Jian Council.
  2885 | D:3      | Reached skill level 5 in Earth Magic
  3204 | D:3      | Found a blossoming altar of Fedhas.
  3205 | D:3      | Found a glowing golden altar of the Shining One.
  3280 | D:3      | Reached XP level 5. HP: 18/28 MP: 8/10
  3402 | D:3      | Learned a level 5 spell: Lee's Rapid Deconstruction
  3425 | D:3      | Gained mutation: You tend to lose your temper in combat.
                  | [potion of mutation]
  3425 | D:3      | Gained mutation: You are partially covered in thin metallic
                  | scales. (AC +2) [potion of mutation]
  3760 | D:4      | Lost mutation: You tend to lose your temper in combat.
                  | [potion of mutation]
  3760 | D:4      | Lost mutation: You are partially covered in thin metallic
                  | scales. (AC +2) [potion of mutation]
  3760 | D:4      | Gained mutation: You evolve. [potion of mutation]
  3760 | D:4      | Gained mutation: Your mind is acute. (Int +2) [potion of
                  | mutation]
  3760 | D:4      | Gained mutation: You are surrounded by a mild repulsion
                  | field. (EV +2) [potion of mutation]
  3760 | D:4      | Gained mutation: Your spells are a little harder to cast,
                  | but a little more powerful. [potion of mutation]
  3761 | D:4      | Found a glowing drain.
  3775 | D:4      | Reached * piety under Vehumet
  3775 | D:4      | Offered knowledge of Freeze by Vehumet.
  3803 | Sewer    | Entered a sewer
  3961 | Sewer    | Noticed a kobold brigand
  3998 | Sewer    | Killed a kobold brigand
  3999 | Sewer    | Reached XP level 6. HP: 31/32 MP: 11/11
  4169 | Sewer    | Found a glowing silver altar of Zin.
  4243 | D:4      | Found a runed translucent gate.
  4273 | D:4      | Noticed stripedtigrrr's ghost (weakling OpDe)
  4283 | D:4      | Noticed Napalmbreeze's ghost (novice TrFi)
  4312 | D:4      | Found a runed translucent gate.
  4313 | D:4      | Found a runed translucent gate.
  4376 | D:4      | Found a burning altar of Makhleb.
  5126 | D:1      | Bought a polished long sword for 178 gold pieces
  5126 | D:1      | Identified the +1 long sword of Nouggeq {antimagic, MP+9
                  | Dex+3} (You bought it in a shop on level 1 of the Dungeon)
  5195 | D:5      | Entered Level 5 of the Dungeon
  5320 | D:5      | Reached skill level 6 in Earth Magic
  5385 | D:5      | Noticed an ice beast
  5387 | D:5      | Killed an ice beast
  5388 | D:5      | Reached XP level 7. HP: 21/36 MP: 10/13
  5632 | D:5      | Noticed Edmund
  5639 | D:5      | Killed Edmund
  5721 | D:5      | Reached skill level 5 in Spellcasting
  5721 | D:5      | Reached skill level 7 in Earth Magic
  5864 | D:5      | Reached skill level 5 in Conjurations
  5864 | D:5      | Reached XP level 8. HP: 34/41 MP: 12/15
  6363 | D:6      | Identified the amulet "Kisax" {RegenMP +Blink rC- Str+3
                  | Int+4}
  6377 | D:6      | Reached ** piety under Vehumet
  6859 | D:6      | Reached skill level 8 in Earth Magic
  6942 | D:6      | Offered knowledge of Magic Dart by Vehumet.
  7245 | D:7      | Found a shimmering blue altar of Sif Muna.
  7420 | D:7      | Reached skill level 1 in Fighting
  7420 | D:7      | Reached skill level 1 in Armour
  7700 | D:7      | Reached skill level 1 in Maces & Flails
  7700 | D:7      | Reached XP level 9. HP: 47/47 MP: 16/18
  7721 | D:7      | Found a staircase to the Ecumenical Temple.
  7724 | D:7      | Reached skill level 1 in Evocations
  7806 | Temple   | Entered the Ecumenical Temple
  8312 | D:7      | Offered knowledge of Conjure Flame by Vehumet.
  8616 | D:8      | Reached skill level 9 in Earth Magic
  8641 | D:8      | Identified a scroll of acquirement
  8641 | D:8      | Acquired a book of Flames
  8783 | D:8      | Reached *** piety under Vehumet
  8784 | D:8      | Reached XP level 10. HP: 56/56 MP: 11/19
  8830 | D:8      | Gained mutation: You are partially covered in icy blue
                  | scales. (AC +2) [evolution]
  9361 | D:8      | Offered knowledge of Static Discharge by Vehumet.
  9807 | D:9      | Gained mutation: You are partially covered in yellow
                  | scales. (AC +2) [evolution]
  9832 | D:9      | Noticed a manticore
  9832 | D:9      | Noticed a cyclops
  9832 | D:9      | Noticed an ogre mage
  9832 | D:9      | Noticed a cyclops
  9832 | D:9      | Noticed a centaur warrior
  9859 | D:9      | Shot with an arrow by a centaur warrior

Illustrated notes

Levels and vault maps discovered:
D:1:      wheals_arrival_linesprint, layout_loops_ring, serial_shops,
          nicolae_shop_crystal, minmay_crystal_room,
          nicolae_ashenzari_panopticon
D:2:      layout_loops_ring, lemuel_coloured_pillars_altar, lemuel_doored_altar,
          gammafunk_temple_overflow_wave, serial_shops, shop
D:3:      layout_basic, overflow_temple_1_default, lemuel_crystal_altar,
          nicolae_wu_jian_wuxing_cycle, gammafunk_temple_overflow_pools,
          minmay_unequal
D:4:      layout_gridville, makhleb_blood_cavern_becter,
          cheibrodos_sewer_entry_sluice, gammafunk_ghost_cemetery,
          serial_bayou_pond_e, serial_bayou_pond_e,
          hangedman_abyss_or_decor_passed, minmay_fountain_box
D:5:      layout_basic, uniq_edmund
D:6:      layout_cave_pools
D:7:      layout_loops_corners, nicolae_overflow_hidden_temple,
          minmay_temple_entry_glass
D:8:      kennysheep_spiral_hall, layout_basic
D:9:      minmay_the_grid_triangle_9x9_rhombus_thin_mashed
          [minmay_the_grid_triangle_9x9_swiss_cheese,
          minmay_the_grid_triangle_9x9_prize_top_heavy,
          minmay_the_grid_triangle_9x9_limited_checkers,
          minmay_the_grid_triangle_9x9_odd_lines], layout_long_grid,
          grunt_qazlal_clouds, hangedman_minor_magic, uniq_grum
Temple:   dpeg_chambers_temple

Skill      XL: |  1  2  3  4  5  6  7  8  9 10 |
---------------+-------------------------------+-----
Earth Magic    | 4 5 6 7 8 9 |  9.3
Spellcasting   | 3 4 5 6 |  6.7
Conjurations   | 1 2 3 5 6 7 |  7.3
Fighting       | 1 3 |  3.5
Armour         | 1 3 |  3.6
Maces & Flails | 1 2 3 |  3.2
Dodging        | 2 3 |  3.3
Evocations     | 2 3 |  3.0
Stealth        | |  2.1
Transmutations | |  0.7

Action                   |  1- 3 |  4- 6 |  7- 9 | 10-12 || total
-------------------------+-------+-------+-------+-------++-------
Melee: Whip              |    51 |       |       |       ||    51
       Dagger            |    74 |   145 |   138 |    78 ||   435
 Cast: Sandblast         |     7 |    12 |    41 |     4 ||    64
       Lee's Rapid Decon |       |     1 |     5 |     4 ||    10
       Stone Arrow       |       |       |    14 |       ||    14
Evoke: Wand              |       |       |     3 |       ||     3
  Use: Scroll            |     2 |     7 |    11 |       ||    20
       Potion            |       |     2 |       |     3 ||     5
 Stab: Sleeping          |     4 |     2 |       |     1 ||     7
Armor: Robe              |    51 |    38 |    42 |       ||   131
       Steam dragon scal |       |       |    36 |    32 ||    68
Dodge: Dodged            |    71 |    82 |    84 |    57 ||   294

Table legend: (Time is in decaauts)
 A = Elapsed time spent in this place.
 B = Non-inter-level travel time spent in this place.
 C = Inter-level travel time spent in this place.
 D = Time resting spent in this place.
 E = Time spent auto-exploring this place.
 F = Levels seen in this place.
 G = Mean time per level.
                   A        B        C        D        E       F      G
               +--------+--------+--------+--------+--------+-----+--------+
         Total |   9923 |   9451 |    472 |    521 |   7425 |  11 |  902.1 |
       Dungeon |   9451 |   8979 |    472 |    414 |   7189 |   9 | 1050.1 |
        Temple |      1 |      1 |      0 |      0 |      0 |   1 |    1.0 |
         Sewer |    469 |    469 |      0 |    107 |    235 |   1 |  469.0 |
               +--------+--------+--------+--------+--------+-----+--------+

Top non-repeatable levels by time:
     D:3: 1467 daAuts
     D:1: 1388 daAuts
     D:7: 1381 daAuts
     D:5: 1162 daAuts
     D:8: 1145 daAuts
     D:4: 1049 daAuts
     D:2: 885 daAuts
     D:6: 854 daAuts
   Sewer: 469 daAuts
     D:9: 116 daAuts
  Temple: 1 daAuts
